 Dungeon Crawl Stone Soup version bcrawl-1.36.4 (webtiles) character file.

Game seed: 1874684211587726904

139098 Mrkan the Chopper (level 4, -15/37 HPs)
             Began as a Demonspawn Gladiator on July 24, 2022.
             Was an Initiate of Qazlal.
             Demolished by an ogre
             ... wielding a +0 giant club
              (24 damage)
             ... on level 3 of the Dungeon.
             The game lasted 00:02:55 (1974 turns).

Mrkan the Chopper (Demonspawn Gladiator)            Turns: 1974, Time: 00:02:55

Health: -15/37     AC:  4    Str: 16    XL:     4   Next: 55%
Magic:  4/4        EV: 13    Int:  9    God:    Qazlal [......]
Gold:   180        SH:  0    Dex: 14    Spells: 3/3 levels left

rFire    . . .     SeeInvis .   a - +0 war axe
rCold    . . .     Gourm    .   (no shield)
rNeg     . . .     Faith    .   b - +0 leather armour
rPois    .         Spirit   .   c - +0 helmet
rElec    .         Reflect  .   (no cloak)
rCorr    .                      (no gloves)
MR       .....                  (no boots)
Stlth    +.........             (no amulet)
HPRegen  0.12/turn              (no ring)
MPRegen  0.09/turn              (no ring)

@: confused
A: talons 1, powered by death 1
a: Renounce Religion


You were on level 3 of the Dungeon.
You worshipped Qazlal.
Qazlal was noncommittal.
You were hungry.

You visited 1 branch of the dungeon, and saw 3 of its levels.

You collected 180 gold pieces.

Inventory:

Hand Weapons
 a - a +0 war axe (weapon)
Missiles
 d - 3 throwing nets {=f}
Armour
 b - a +0 leather armour (worn)
 c - a +0 helmet (worn)
 r - a scarf of repulsion
Scrolls
 g - a scroll of blinking {unknown}
 i - 2 scrolls of identify
 k - 2 scrolls of teleportation {unknown}
 l - a scroll of immolation {unknown}
 m - a scroll of remove curse {unknown}
Potions
 f - a potion of heal wounds
 h - 2 potions of ambrosia {unknown}
 j - a potion of agility
 n - 2 potions of curing
 o - a potion of resistance {unknown}
 p - 2 potions of brilliance {unknown}
 q - a potion of cancellation {unknown}
Comestibles
 e - 4 rations {!d}


   Skills:
 + Level 3.6 Fighting
 * Level 3.9 Axes
 - Level 1.7 Throwing
 + Level 3.3 Dodging
 + Level 1.0 Invocations


You had 3 spell levels left.
You didn't know any spells.
Your spell library was empty.

Dungeon Overview and Level Annotations

Branches:
Dungeon (3/12)

Altars:
Qazlal

Annotations:
D:2 Sigmund


Innate Abilities, Weirdness & Mutations

You have sharp toenails.
You regenerate a little health from kills.


Message History

You climb upwards.
Level annotation: Sigmund
There is a stone staircase leading down here.
Sigmund points at you and mumbles some strange words.
The magic dart hits you!
You barely miss Sigmund. Sigmund misses you.
Your leather armour prevents you from hitting Sigmund.
You claw Sigmund.
Sigmund is lightly wounded.
Sigmund barely misses you.
There is a stone staircase leading down here.
Sigmund casts a spell at you.
You are confused.
You climb downwards.
The ogre hits you with a +0 giant club.
* * * LOW HITPOINT WARNING * * *
There is a stone staircase leading up here.
You miss the kobold. Your kick misses the kobold. You barely miss the ogre.
The ogre hits you with a +0 giant club!!
Ouch! That really hurt!
You die...

..................#####
...........##.........#
........#####.#######(#
#.####..#####..........
#...........####.#
#..#####....# #.# #.##
#....####.# #K#
#.........# #@#
#....####.# #O# #.#'##
#.# #.# #.#.#####.# #.#
#.#.......#
.........#########
...####### #... ...
#..# ..... #### ##>#


You could see an ogre and a kobold.

Vanquished Creatures
  Terence (D:2)
  An orc wizard (D:3)
  3 dart slugs
  4 leopard geckos (D:1)
  4 orcs (D:3)
  2 bats
  4 goblins
  5 hobgoblins
  3 jackals (D:1)
  A frilled lizard (D:2)
  6 kobolds
  4 rats
38 creatures vanquished.

Vanquished Creatures (others)
  A giant cockroach (D:2)
1 creature vanquished.

Grand Total: 39 creatures vanquished

Notes
Turn   | Place    | Note
-------+----------+-------------------------------------------
     0 | D:1      | Mrkan the Demonspawn Gladiator began the quest for the Orb.
     0 | D:1      | Reached XP level 1. HP: 18/18 MP: 1/1
   109 | D:1      | Gained mutation: You regenerate a little health from kills.
                  | [demonic ancestry]
   109 | D:1      | Reached XP level 2. HP: 20/24 MP: 2/2
   490 | D:1      | Gained mutation: You have sharp toenails. [demonic
                  | ancestry]
   490 | D:1      | Reached XP level 3. HP: 25/29 MP: 3/3
   929 | D:2      | Noticed Terence
   942 | D:2      | Killed Terence
  1179 | D:2      | Found a stormy altar of Qazlal.
  1210 | D:2      | Became a worshipper of Qazlal Stormbringer
  1486 | D:2      | Noticed Sigmund
  1568 | D:3      | Reached XP level 4. HP: 34/35 MP: 4/4
  1733 | D:3      | Reached skill level 1 in Invocations
  1945 | D:3      | Noticed an ogre
  1974 | D:3      | Demolished by an ogre

Skill      XL: |  1  2  3  4 |
---------------+-------------+-----
Axes           | 3 |  3.9
Dodging        | 3 |  3.3
Invocations    | 1 |  1.0
Fighting       | |  3.6
Throwing       | |  1.7

Action                   |  1- 3 |  4- 6 || total
-------------------------+-------+-------++-------
Melee: War axe           |    86 |    21 ||   107
       Kick              |     8 |     7 ||    15
  Eat: Chunk             |     1 |     1 ||     2
       Ration            |     1 |       ||     1
Armor: Leather armour    |    21 |     6 ||    27
Dodge: Dodged            |    77 |    21 ||    98
